AoeStats
← Phreakzz

Arabia

507332562Analyzed
1v1 RM · 15d ago on Sep 17, 2026· 50m 5s· 2 players
Game mode
Random Map
Map size
Tiny (2 player)
Population
200
Speed
Normal
Resources
Standard
Victory
Conquest
Starting age
Dark Age
Ending age
Imperial Age
RankedLock teamsTeams togetherTeam positionsShared explorationLock speedFull tech treeHidden civsTurbo modeCheats
Victory
Defeat
🇷🇴 Franks · Romania
1353
+16
🇩🇪 Wu · Germany
1349
-16
Hannes77
6:57 Loom
9:33 Feudal Age
10:37 Double-Bit Axe
10:33 Horse Collar
13:00 Man-at-Arms
21:44 Castle Age
20:52 Bloodlines
20:51 Gold Mining
22:25 Scale Barding Armor
23:25 Wheelbarrow
27:51 Forging
29:36 Iron Casting
28:56 Town Watch
31:14 Husbandry
37:08 Imperial Age
35:05 Stone Mining
36:28 Scale Mail Armor
36:48 Chain Barding Armor
37:09 Pikeman
38:18 Conscription
38:51 Chain Mail Armor
39:37 Blast Furnace
39:06 Fletching
39:30 Masonry
40:01 Hand Cart
40:44 Squires
40:54 Halberdier
42:37 Padded Archer Armor
42:34 Bodkin Arrow
43:34 Plate Mail Armor
46:31 Heavy Hei Guang Cavalry
Phreakzz
6:20 Loom
8:52 Feudal Age
9:35 Double-Bit Axe
21:07 Castle Age
20:16 Fletching
20:32 Scale Barding Armor
20:37 Forging
20:46 Gold Mining
22:11 Husbandry
22:32 Chain Barding Armor
22:33 Bow Saw
26:52 Wheelbarrow
31:29 Hand Cart
32:16 Iron Casting
35:06 Imperial Age
33:03 Town Watch
33:45 Bodkin Arrow
34:11 Elite Skirmisher
35:16 Cavalier
36:32 Plate Barding Armor
39:32 Blast Furnace
39:11 Conscription
41:34 Chemistry
41:53 Ballistics
41:36 Padded Archer Armor
41:06 Paladin
41:48 Light Cavalry
42:45 Leather Archer Armor
44:29 Chivalry
Connection lost

Rejoining the realm…

Still unreachable

The connection could not be restored.

Session expired

The server has moved on; the page needs a fresh start.